 Dungeon Crawl Stone Soup version 0.28.0-53-g5a82cb258f (webtiles) character file.

Game seed: 9995786649447598356

2989 Descartes the Nimble (level 9, -14/40 HPs)
             Began as a Felid Delver on Aug 8, 2022.
             Demolished by an orc warrior
             ... wielding a +0 trident
              (16 damage)
             ... on level 8 of the Dungeon.
             The game lasted 00:24:50 (11928 turns).

Descartes the Nimble (Felid Delver)                Turns: 11928, Time: 00:24:50

Health: -14/40     AC:  2    Str: 12    XL:     9   Next: 53%
Magic:  19/19      EV: 30    Int: 14    God:
Gold:   234        SH:  5    Dex: 18    Spells: 3/8 levels left
                                        Lives:  0   Deaths: 3

rFire   . . .      SeeInvis +     - Unarmed
rCold   + . .      Faith    .   (shield unavailable)
rNeg    . . .      Spirit   .   (armour unavailable)
rPois   .          Reflect  +   (helmet unavailable)
rElec   +          Harm     .   (cloak unavailable)
rCorr   .          Rampage  .   (gloves unavailable)
Will    +....                   (boots unavailable)
Stlth   +++++.....              v - amulet of reflection
HPRegen 0.13/turn               o - ring "Duunyatt" {rC+ MP+9}
MPRegen 0.16/turn               u - +4 ring of evasion

@: studying Dodging, quick
A: very small, claws 1, fangs 3, see invisible, speed 1, shaggy fur 2, stealthy
paws, no weapons or thrown items, no armour, multi-lived, clever 1, electricity
resistance, noise suppression
a: no special abilities


You were on level 8 of the Dungeon.
You visited 2 branches of the dungeon, and saw 9 of its levels.
You also visited: Ossuary.

You collected 538 gold pieces.
You spent 304 gold pieces at shops.

Inventory:

Jewellery
 l - a +6 ring of strength
 o - the ring "Duunyatt" (left paw) {rC+ MP+9}
   (You found it on level 3 of the Dungeon)

   [ring of magical power]

   rC:        It protects you from cold.
   MP:        It affects your magic capacity (+9).
 u - a +4 ring of evasion (right paw)
 v - an amulet of reflection (around neck)
Wands
 e - a wand of digging (3)
 p - a wand of iceblast (15)
 y - a wand of paralysis (8)
Scrolls
 a - a scroll of fog
 c - a scroll of fear
 f - a scroll of identify
 g - 3 scrolls of enchant weapon
 i - 5 scrolls of teleportation
 j - a scroll of immolation
 k - 2 scrolls of vulnerability
 m - a scroll of enchant armour
 n - 2 scrolls of noise
 q - 2 scrolls of torment
 w - a scroll of magic mapping
Potions
 b - 2 potions of heal wounds
 d - 4 potions of might
 h - 3 potions of curing
 s - 2 potions of flight
 t - a potion of haste
 x - a potion of brilliance


   Skills:
 + Level 4.9 Fighting
 + Level 12.3 Dodging
 + Level 11.4 Stealth
 + Level 10.7 Unarmed Combat
 + Level 4.0 Translocations


You had 3 spell levels left.
You knew the following spells:

 Your Spells              Type           Power      Damage    Failure   Level
a - Yara's Violent Unrav  Hex/Tmut       0%         3d3       100%        5

Your spell library contained the following spells:

 Spells                   Type           Power      Damage    Failure   Level
 Call Canine Familiar     Summ           0%         N/A       65%         3
 Tukima's Dance           Hex            0%         N/A       65%         3
 Passage of Golubria      Tloc           11%        N/A       50%         4
 Leda's Liquefaction      Hex/Erth       0%         N/A       96%         4
 Portal Projectile        Hex/Tloc       Unusable   N/A       N/A         3

Dungeon Overview and Level Annotations

Branches:
Dungeon (8/15)             Temple (1/1) D:7         Ossuary (visited)
   Lair: D:8-11

Altars:
Ashenzari
Cheibriados
Dithmenos
Elyvilon
Fedhas
Gozag
Hepliaklqana
Kikubaaqudgha
Makhleb
Nemelex Xobeh
Okawaru
Qazlal
Ru
Sif Muna
Trog
Uskayaw
Vehumet
Wu Jian
Xom
Yredelemnul
Zin
The Shining One

Shops:
D:4 *   D:6 (!


Innate Abilities, Weirdness & Mutations

You have sharp claws.
You have razor-sharp teeth.
You have supernaturally acute eyesight. (SInv)
You cover ground quickly. (Speed+)
You are covered in thick fur. (AC +2)
Your paws help you pounce on unaware monsters.
You are incapable of wielding weapons or throwing items.
You cannot wear armour.
You gain extra lives every three experience levels.
Your mind is acute. (Int +2)
You are resistant to electric shocks. (rElec)
You passively dampen the noise of your surroundings.


Message History

You are too injured to fight recklessly!
You are too injured to fight recklessly!
You are too injured to fight recklessly!
You are too injured to fight recklessly!
You are too injured to fight recklessly!
You are too injured to fight recklessly!
You are too injured to fight recklessly!
You are too injured to fight recklessly!
You are too injured to fight recklessly!
You are too injured to fight recklessly!
You are too injured to fight recklessly!
You are too injured to fight recklessly!
You are too injured to fight recklessly!
An orc wizard comes into view. It is wielding a +0 dagger.
The orc warrior closely misses you.
The orc wizard gestures at you while chanting.
The puff of flame misses you.
The orc wizard points at you and mumbles some strange words.
The puff of flame hits you.
* * * LOW HITPOINT WARNING * * *
The orc wizard hits you with a +0 dagger.
* * * LOW HITPOINT WARNING * * *
The orc wizard shouts!
You claw the orc wizard!
You claw the orc wizard, but do no damage.
The orc wizard is severely wounded.
The orc wizard points at you and mumbles some strange words.
The puff of flame misses you. The orc warrior barely misses you.
You closely miss the orc wizard.
The orc wizard is severely wounded.
The orc wizard completely misses you.
You claw the orc wizard!
You kill the orc wizard!
The orc warrior barely misses you.
The orc warrior hits you with a +0 trident!
* * * LOW HITPOINT WARNING * * *
Things that are here:
a +0 dagger; a +0 robe; an orc corpse The orc warrior hits you from afar with a +0 trident!
You die...

#.# ###......... #.### #.#
#....).# #.# #.# ##.#....#
#.# ##.# ##...#.### #.###
...# ##......##### #....
########## #...........##
#..## .........#
##..#oo./####.# #..##
########.###≈≈≈#)#≈≈≈###.#
#.... # #.≈≈≈≈≈≈#@#≈≈≈≈≈≈.#
##.## #
###≈≈≈≈≈≈≈#.#≈≈≈≈≈≈≈# #.# #
#...≈≈≈≈≈≈#.#≈≈≈≈≈≈.# #.#
## #.#####≈≈≈#.#≈≈≈###.#
#.# .### #.........#.#..##
#.# #.# #..#
#..............# #.# #.#
>..#
#..####.......>####<#####.#
#..# #..#
#...................## #..#
#..# ##..........[.........


You could see an orc warrior and an orc wizard.

Vanquished Creatures
  A two-headed ogre (D:6)
  2 polar bears (D:8)
  A wyvern (D:8)
  Eustachio (D:6)
  A steam dragon (D:8)
  The ghost of Plasmagod the Conjurer, an amateur DECj (D:3)
  A water moccasin (D:6)
  Duvessa (D:5)
  6 ice beasts
  A black bear (D:6)
  A sky beast (D:5)
  A necrophage (D:4)
  4 ogres
  4 wolves
  2 centaurs
  2 phantoms (D:6)
  2 kobold brigands (D:4)
  2 elf zombies (Ossuary)
  A wyvern zombie (D:6)
  4 scorpions
  2 water moccasin zombies
  Dowan (D:5)
  8 wights
  An electric eel (D:8)
  2 howler monkeys
  6 centaur zombies
  A wyvern simulacrum (D:8)
  A human zombie (Ossuary)
  2 orc priests
  2 hounds
  Ijyb (D:4)
  4 iguanas
  2 orc wizards (D:8)
  2 killer bee zombies
  2 centaur simulacra (D:8)
  2 mummies (Ossuary)
  A killer bee simulacrum (D:8)
  3 gnolls
  6 adders
  A shadow imp (D:5)
  7 white imps (D:8)
  3 ufetubi
  An adder skeleton (D:4)
  2 adder zombies (Ossuary)
  A worm (D:5)
  2 dart slugs
  17 orcs
  7 ball pythons
  7 endoplasms
  A giant cockroach (D:3)
  7 goblins
  6 hobgoblins
  6 jackals (D:3)
  4 quokkas
  6 bats
  2 frilled lizards
  A goblin zombie (D:6)
  11 hobgoblin zombies (Ossuary)
  20 kobolds
  8 kobold zombies (Ossuary)
  7 orc zombies (Ossuary)
  7 rats
  A rat zombie (Ossuary)
223 creatures vanquished.

Notes
Turn   | Place    | Note
-------+----------+-------------------------------------------
     0 | D:5      | Descartes the Felid Delver began the quest for the Orb.
     0 | D:5      | Reached XP level 1. HP: 10/10 MP: 2/2
    44 | D:4      | Found Comn's Assorted Antiques.
   107 | D:2      | Reached skill level 3 in Dodging
   107 | D:2      | Reached XP level 2. HP: 14/14 MP: 3/3
   600 | D:1      | Found a faded altar of an unknown god.
   610 | D:1      | Reached XP level 3. HP: 10/17 MP: 4/4
  2040 | D:3      | Noticed Plasmagod's ghost (amateur DECj)
  2044 | D:3      | Found a runed translucent gate.
  2044 | D:3      | Found a runed translucent gate.
  2044 | D:3      | Found a runed translucent gate.
  2286 | D:3      | Noticed a centaur
  2288 | D:3      | Found a glowing golden altar of the Shining One.
  2292 | D:3      | Reached XP level 4. HP: 21/21 MP: 5/5
  2567 | D:3      | Killed a centaur
  2568 | D:3      | Reached skill level 4 in Dodging
  2568 | D:3      | Reached XP level 5. HP: 11/24 MP: 6/6
  2833 | D:3      | Identified the ring "Duunyatt" {rC+ MP+9}
  3635 | D:3      | Killed from afar by Plasmagod's ghost
  3636 | D:3      | Reached XP level 4. HP: -8/21 MP: 14/14
  3648 | D:3      | Killed Plasmagod's ghost
  3649 | D:3      | Reached XP level 5. HP: 24/24 MP: 6/6
  3727 | D:4      | Noticed Ijyb
  3731 | D:4      | Killed Ijyb
  3811 | D:4      | Reached skill level 5 in Dodging
  4316 | D:4      | Noticed a necrophage
  4330 | D:4      | Killed a necrophage
  4331 | D:4      | Gained mutation: You are covered in thick fur. (AC +2)
                  | [Felid growth]
  4331 | D:4      | Reached XP level 6. HP: 13/28 MP: 7/7
  4556 | D:4      | HP: 2/42 [kobold brigand/+0 spear (2)]
  4560 | D:4      | Reached skill level 10 in Stealth
  5490 | D:4      | Bought an emerald ring for 95 gold pieces
  5490 | D:4      | Bought a metallic cyan potion for 17 gold pieces
  5490 | D:4      | Bought a scroll labelled HEMUMM UMPIEPT for 19 gold pieces
  5490 | D:4      | Bought a scroll labelled REVIORCH GEVUY for 19 gold pieces
  5490 | D:4      | Bought 2 scrolls labelled ROAR ODEDO for 38 gold pieces
  5490 | D:4      | Bought a scroll labelled ROAR ODEDO for 19 gold pieces
  5490 | D:4      | Bought a scroll labelled FEGGARUNW QOSS for 19 gold pieces
  5523 | D:5      | Reached skill level 6 in Dodging
  5523 | D:5      | Reached XP level 7. HP: 31/31 MP: 8/8
  5584 | D:5      | Reached skill level 5 in Unarmed Combat
  5586 | D:5      | Noticed Dowan
  5588 | D:5      | Noticed Duvessa
  5849 | D:5      | Killed Duvessa
  5850 | D:5      | Reached skill level 7 in Dodging
  5854 | D:5      | Killed Dowan
  6162 | D:5      | HP: 1/31 [poisoned by a scorpion]
  6163 | D:5      | Succumbed to a scorpion's poison
  6164 | D:5      | Reached XP level 6. HP: -3/28 MP: 16/16
  6495 | D:4      | Reached XP level 7. HP: 31/31 MP: 8/8
  6542 | D:5      | Reached skill level 8 in Dodging
  7120 | D:5      | Identified the +4 hunting sling "Jellybane" {venom, Fly
                  | Will+ Int+4}
  7209 | D:6      | Reached skill level 9 in Dodging
  7321 | D:6      | Reached XP level 8. HP: 31/34 MP: 9/9
  7329 | D:6      | Found a sand-covered staircase.
  7338 | Ossuary  | Entered an ossuary
  7652 | D:6      | Reached skill level 10 in Dodging
  7790 | D:6      | Found Antaz's Distillery.
  7791 | D:6      | Noticed a two-headed ogre
  7794 | D:6      | Found Wipoutru's Antique Weapon Shoppe.
  7809 | D:6      | Killed a two-headed ogre
  7810 | D:6      | Reached XP level 9. HP: 37/37 MP: 10/10
  7811 | D:6      | Bought 2 potions of curing for 78 gold pieces
  7944 | D:6      | Reached skill level 10 in Unarmed Combat
  7950 | D:6      | Learned a level 5 spell: Yara's Violent Unravelling
  8672 | D:6      | Noticed Eustachio
  8700 | D:6      | Killed Eustachio
  8720 | D:6      | Reached skill level 11 in Dodging
  9280 | D:7      | Found a staircase to the Ecumenical Temple.
  9287 | Temple   | Entered the Ecumenical Temple
 10578 | D:7      | Gained mutation: You passively dampen the noise of your
                  | surroundings. [potion of mutation]
 10578 | D:7      | Gained mutation: Your mind is acute. (Int +2) [potion of
                  | mutation]
 10578 | D:7      | Gained mutation: You are resistant to electric shocks.
                  | (rElec) [potion of mutation]
 10623 | D:8      | Reached skill level 1 in Translocations
 10962 | D:8      | Noticed a polar bear
 10988 | D:8      | Killed a polar bear
 10989 | D:8      | Reached XP level 10. HP: 33/43 MP: 11/11
 11234 | D:8      | Killed from afar by a white imp
 11235 | D:8      | Reached XP level 9. HP: -1/39 MP: 19/19
 11235 | D:8      | Reached skill level 12 in Dodging
 11927 | D:8      | HP: 2/40 [orc warrior/+0 trident (9)]
 11928 | D:8      | Demolished by an orc warrior

Illustrated notes

Levels and vault maps discovered:
D:1:      lemuel_arrival_tunnels, layout_loops_ring, basic_ecumenical_altar,
          grunt_decor_mini_mirrors, hangedman_feature_mirror
D:2:      layout_rooms
D:3:      layout_loops_ring, mainiacjoe_overflow_small_starburst,
          gammafunk_ghost_split
D:4:      cheibrodos_thug_alley, layout_loops_ring, serial_shops, shop,
          minmay_statues_item, uniq_ijyb
D:5:      layout_basic, uniq_duvessa
D:6:      layout_loops_ring, enter_ossuary_3, nicolae_wooded_promenade,
          amethyst_killhole, st_stairs_6, minmay_manual_mail, uniq_eustachio
D:7:      layout_basic, temple_green
D:8:      layout_loops_ring, serial_ice, serial_ice_l, serial_ice_g,
          serial_ice_a, serial_ice_h, serial_ice_o, serial_ice_f, serial_ice_d,
          serial_ice_b, serial_ice_c, serial_ice_m
Temple:   compressed_dpeg_triangle_lava_temple

Skill      XL: |  1  2  3  4  5  6  7  8  9 |
---------------+----------------------------+-----
Dodging        | 3 4 5 6 9 10 12 | 12.3
Stealth        | 7 9 10 11 | 11.4
Unarmed Combat | 3 4 7 9 10 | 10.7
Fighting       | 4 |  4.9
Translocations | 4 |  4.0

Action                   |  1- 3 |  4- 6 |  7- 9 | 10-12 || total
-------------------------+-------+-------+-------+-------++-------
Melee: Unarmed           |   101 |   164 |   439 |    20 ||   724
       Punch             |     1 |     9 |    31 |     1 ||    42
       Bite              |     3 |    17 |    66 |     2 ||    88
Evoke: Wand              |       |    15 |     8 |       ||    23
  Use: Potion            |       |     4 |    10 |       ||    14
       Scroll            |       |       |    14 |       ||    14
 Stab: Sleeping          |    15 |     9 |    20 |     1 ||    45
       Distracted        |     1 |     1 |     3 |       ||     5
       Fleeing           |       |       |     1 |       ||     1
Armor: Skin              |     6 |    15 |    22 |     1 ||    44
Dodge: Dodged            |    75 |   180 |   404 |    46 ||   705
Block: Other             |       |       |    21 |     8 ||    29
